FSL
CHARLOTTE STONE CRABS @ BREVARD COUNTY MANATEES
08/15/2099
 
TOP OF THE 1ST
Charlotte Stone Crabs batting - Pitching for Brevard County Manatees : RHP Ben Vaughn
Pitching: RHP Ben Vaughn
Batting: RHB Alfredo Zapata 0-0: Called Strike
0-1: Foul Ball, location: 7LMF
0-2: Foul Ball, location: 9LMF
0-2: SINGLE (Line Drive, 9S, EV 99.4 MPH)
Batting: RHB Daniel Melendrez 0-0: Ball
1-0: Foul Ball, location: 2F
1-1: Ball
2-1: Ball
3-1: 2-RUN HOME RUN (Flyball, 7D, EV 106.9 MPH), Distance : 395 ft
Batting: RHB Jeff Rock 0-0: Called Strike
0-1: Ball
1-1: Ground out 5-3 (Groundball, 56, EV 80.6 MPH)
Batting: LHB Ivan Santana 0-0: Swinging Strike
0-1: Swinging Strike
0-2: Ball
1-2: Strikes out swinging, 2-3 out at first.
Batting: RHB Isaiah Qualls 0-0: Ball
1-0: Foul Ball, location: 3SF
1-1: Foul Ball, location: 25F
1-2: Ball
2-2: Ground out 4-3 (Groundball, 4MD, EV 105.0 MPH)
Top of the 1st over - 2 runs, 2 hits, 0 errors, 0 left on base; Charlotte 2 - Brevard County 0
BOTTOM OF THE 1ST
Brevard County Manatees batting - Pitching for Charlotte Stone Crabs : LHP Mike Fife
Pitching: LHP Mike Fife
Batting: RHB Aidan Bembury 0-0: Foul Ball, location: 5SF
0-1: Fly out, F7 (Flyball, 78S, EV 96.9 MPH)
Batting: LHB Travis Konikowski 0-0: Called Strike
0-1: Foul Ball, location: 2F
0-2: Ball
1-2: Foul Ball, location: 25FF
1-2: Hit by Pitch
Batting: RHB Sean Howlett 0-0: Swinging Strike
0-1: Ball
1-1: Called Strike
Travis Konikowski steals 2nd base (no throw)
1-2: Ball
2-2: Strikes out swinging
Batting: RHB Kevin Cannon 0-0: Fly out, F9 (Flyball, 9S, EV 90.0 MPH)
Bottom of the 1st over - 0 runs, 0 hits, 0 errors, 1 left on base; Charlotte 2 - Brevard County 0
TOP OF THE 2ND
Charlotte Stone Crabs batting - Pitching for Brevard County Manatees : RHP Ben Vaughn
Batting: LHB Joe Carter 0-0: Called Strike
0-1: Ball
1-1: Foul Ball, location: 2F
1-2: Ball
2-2: Ball
3-2: Base on Balls
Batting: RHB Jose Cobian 0-0: Foul Ball, location: 9LDF
0-1: Swinging Strike
0-2: Ball
1-2: Ball
2-2: Foul Ball, location: 2RF
2-2: Foul Ball, location: 2F
2-2: Ball
3-2: Ground out 6-3 (Groundball, 6M, EV 106.3 MPH)
Joe Carter to second
Batting: RHB Andy Pyszka 0-0: Ball
1-0: Ball
2-0: Ball
3-0: Called Strike
3-1: Called Strike
3-2: Strikes out swinging
Batting: RHB R.J. Kimmel 0-0: Swinging Strike
0-1: Ball
1-1: Ball
2-1: Ball
3-1: Foul Ball, location: 9LDF
3-2: Fly out, F7 (Flyball, 7, EV 82.5 MPH)
Top of the 2nd over - 0 runs, 0 hits, 0 errors, 1 left on base; Charlotte 2 - Brevard County 0
BOTTOM OF THE 2ND
Brevard County Manatees batting - Pitching for Charlotte Stone Crabs : LHP Mike Fife
Batting: RHB Jose Tarango 0-0: Ball
1-0: Ball
2-0: Called Strike
2-1: Ball
3-1: Swinging Strike
3-2: Strikes out looking
Batting: RHB Tony Silva 0-0: Ball
1-0: Foul Ball, location: 9LSF
1-1: Swinging Strike
1-2: Ball
2-2: Ball
3-2: SOLO HOME RUN (Flyball, 7LD, EV 92.5 MPH), Distance : 348 ft
Batting: LHB Josh Shippee 0-0: Ball
1-0: Fly out, F8 (Flyball, 8LM, EV 85.6 MPH)
Batting: SHB Kyle Carlson 0-0: Ball
1-0: Ball
2-0: Called Strike
2-1: Ball
3-1: Swinging Strike
3-2: Fly out, F4 (Line Drive, 4, EV 73.8 MPH)
Bottom of the 2nd over - 1 run, 1 hit, 0 errors, 0 left on base; Charlotte 2 - Brevard County 1
TOP OF THE 3RD
Charlotte Stone Crabs batting - Pitching for Brevard County Manatees : RHP Ben Vaughn
Batting: RHB Alfredo Zapata 0-0: Ball
1-0: Ball
2-0: TRIPLE (Line Drive, 89XD, EV 110.0 MPH)
Batting: RHB Daniel Melendrez 0-0: Called Strike
0-1: Called Strike
0-2: Ball
1-2: Ball
2-2: Ball
3-2: Fly out, F9 (Flyball, 89S, EV 98.8 MPH)
Batting: RHB Jeff Rock 0-0: Ball
1-0: Ball
2-0: Ground out 3-1 (Groundball, 34S, EV 84.4 MPH)
Alfredo Zapata scores
Batting: LHB Ivan Santana 0-0: Ball
1-0: Called Strike
1-1: Foul Ball, location: 5F
1-2: Ball
2-2: Fly out, F7 (Flyball, 7S, EV 83.1 MPH)
Top of the 3rd over - 1 run, 1 hit, 0 errors, 0 left on base; Charlotte 3 - Brevard County 1
BOTTOM OF THE 3RD
Brevard County Manatees batting - Pitching for Charlotte Stone Crabs : LHP Mike Fife
Batting: RHB Antonio Contreras 0-0: Ball
1-0: Foul Ball, location: 9LSF
1-1: Foul Ball, location: 5FF
1-2: Foul Ball, location: 9LDF
1-2: Strikes out looking
Batting: RHB Aidan Bembury 0-0: Ball
1-0: Called Strike
1-1: Swinging Strike
1-2: Fly out, F9 (Flyball, 9LS, EV 87.5 MPH)
Batting: LHB Travis Konikowski 0-0: Ball
1-0: Ball
2-0: Ground out 5-3 (Groundball, 5, EV 83.8 MPH)
Bottom of the 3rd over - 0 runs, 0 hits, 0 errors, 0 left on base; Charlotte 3 - Brevard County 1
TOP OF THE 4TH
Charlotte Stone Crabs batting - Pitching for Brevard County Manatees : RHP Ben Vaughn
Batting: RHB Isaiah Qualls 0-0: Ball
1-0: Ball
2-0: Foul Ball, location: 5F
2-1: Ball
3-1: Foul Ball, location: 2F
3-2: Fly out, F9 (Flyball, 9, EV 96.9 MPH)
Batting: LHB Joe Carter 0-0: Fly out, F4 (Popup, 4, EV 71.3 MPH)
Batting: RHB Jose Cobian 0-0: Ball
1-0: Ball
2-0: Ball
3-0: Base on Balls
Batting: RHB Andy Pyszka 0-0: Called Strike
0-1: Swinging Strike
0-2: Hit by Pitch
Jose Cobian to second
Batting: RHB R.J. Kimmel 0-0: Ball
1-0: Ground out U3 (Groundball, 34, EV 89.4 MPH)
Top of the 4th over - 0 runs, 0 hits, 0 errors, 2 left on base; Charlotte 3 - Brevard County 1
BOTTOM OF THE 4TH
Brevard County Manatees batting - Pitching for Charlotte Stone Crabs : LHP Mike Fife
Batting: RHB Sean Howlett 0-0: Foul Ball, location: 3DF
0-1: Ball
1-1: Ball
2-1: Called Strike
2-2: Strikes out swinging
Batting: RHB Kevin Cannon 0-0: Ball
1-0: Ground out 3-1 (Groundball, 34S, EV 66.9 MPH)
Batting: RHB Jose Tarango 0-0: Foul Ball, location: 9LMF
0-1: Ball
1-1: Foul Ball, location: 2F
1-2: Foul Ball, location: 2F
1-2: Ball
2-2: Fly out, F9 (Flyball, 9, EV 101.3 MPH)
Bottom of the 4th over - 0 runs, 0 hits, 0 errors, 0 left on base; Charlotte 3 - Brevard County 1
TOP OF THE 5TH
Charlotte Stone Crabs batting - Pitching for Brevard County Manatees : RHP Ben Vaughn
Batting: RHB Alfredo Zapata 0-0: Called Strike
0-1: Foul Ball, location: 2F
0-2: Strikes out swinging
Batting: RHB Daniel Melendrez 0-0: Ball
1-0: Called Strike
1-1: Ball
2-1: Ball
3-1: Foul Ball, location: 25F
3-2: Strikes out looking
Batting: RHB Jeff Rock 0-0: Ball
1-0: Foul Ball, location: 5FF
1-1: Foul Ball, location: 25FF
1-2: Strikes out swinging
Top of the 5th over - 0 runs, 0 hits, 0 errors, 0 left on base; Charlotte 3 - Brevard County 1
BOTTOM OF THE 5TH
Brevard County Manatees batting - Pitching for Charlotte Stone Crabs : LHP Mike Fife
Batting: RHB Tony Silva 0-0: Ball
1-0: Ball
2-0: Swinging Strike
2-1: Ball
3-1: Foul Ball, location: 9LSF
3-2: Foul Ball, location: 3F
3-2: Foul Ball, location: 2F
3-2: Foul Ball, location: 9LSF
3-2: Strikes out looking
Batting: LHB Josh Shippee 0-0: Ball
1-0: Called Strike
1-1: Ball
2-1: Ground out 6-3 (Groundball, P, EV 79.4 MPH)
Batting: SHB Kyle Carlson 0-0: Called Strike
0-1: Fly out, F3 (Popup, 3F, EV 62.5 MPH)
Bottom of the 5th over - 0 runs, 0 hits, 0 errors, 0 left on base; Charlotte 3 - Brevard County 1
TOP OF THE 6TH
Charlotte Stone Crabs batting - Pitching for Brevard County Manatees : RHP Ben Vaughn
Batting: LHB Ivan Santana 0-0: Foul Ball, location: 2F
0-1: Ball
1-1: Ground out 6-3 (Groundball, 6, EV 102.5 MPH)
Batting: RHB Isaiah Qualls 0-0: Ball
1-0: Ball
2-0: Ground out 6-3 (Groundball, 6, EV 83.8 MPH)
Batting: LHB Joe Carter 0-0: SINGLE (Line Drive, 8LS, EV 101.3 MPH)
Batting: RHB Jose Cobian 0-0: Ball
1-0: Swinging Strike
1-1: Ball
2-1: Foul Ball, location: 9LDF
2-2: Foul Ball, location: 5FF
2-2: Strikes out swinging
Top of the 6th over - 0 runs, 1 hit, 0 errors, 1 left on base; Charlotte 3 - Brevard County 1
BOTTOM OF THE 6TH
Brevard County Manatees batting - Pitching for Charlotte Stone Crabs : LHP Mike Fife
Batting: RHB Antonio Contreras 0-0: Ball
1-0: Swinging Strike
1-1: Called Strike
1-2: Foul Ball, location: 2F
1-2: Strikes out swinging
Batting: RHB Aidan Bembury 0-0: Ball
1-0: Foul Ball, location: 9LMF
1-1: Ball
2-1: Foul Ball, location: 25F
2-2: Ball
3-2: Ground out 5-3 (Groundball, 56, EV 109.4 MPH)
Batting: LHB Travis Konikowski 0-0: Ball
1-0: Ball
2-0: Called Strike
2-1: Ball
3-1: Ground out U3 (Groundball, 3, EV 91.9 MPH)
Bottom of the 6th over - 0 runs, 0 hits, 0 errors, 0 left on base; Charlotte 3 - Brevard County 1
TOP OF THE 7TH
Charlotte Stone Crabs batting - Pitching for Brevard County Manatees : RHP Ben Vaughn
Batting: RHB Andy Pyszka 0-0: Ball
1-0: Ball
2-0: Swinging Strike
2-1: Called Strike
2-2: Ground out 1-3 (Groundball, 13, EV 64.4 MPH)
Batting: RHB R.J. Kimmel 0-0: Called Strike
0-1: Ball
1-1: Ball
2-1: Foul Ball, location: 2F
2-2: SINGLE (Groundball, 6MD, EV 104.4 MPH)
Pitching: RHP Leon Madrid
Batting: RHB Alfredo Zapata 0-0: Ball
1-0: Grounds into double play, 4-6-3 (Groundball, 34, EV 77.5 MPH)
Top of the 7th over - 0 runs, 1 hit, 0 errors, 0 left on base; Charlotte 3 - Brevard County 1
BOTTOM OF THE 7TH
Brevard County Manatees batting - Pitching for Charlotte Stone Crabs : LHP Mike Fife
Batting: RHB Sean Howlett 0-0: Ball
1-0: Called Strike
1-1: Swinging Strike
1-2: Fly out, F8 (Flyball, 8RD, EV 76.9 MPH)
Batting: RHB Kevin Cannon 0-0: Ball
1-0: Ball
2-0: Called Strike
2-1: Ball
3-1: SINGLE (Groundball, 56D, EV 93.8 MPH)
Batting: RHB Jose Tarango 0-0: Fly out, F8 (Flyball, 89S, EV 93.1 MPH)
Batting: RHB Tony Silva 0-0: Called Strike
0-1: Ball
1-1: Called Strike
1-2: Strikes out looking
Bottom of the 7th over - 0 runs, 1 hit, 0 errors, 1 left on base; Charlotte 3 - Brevard County 1
TOP OF THE 8TH
Charlotte Stone Crabs batting - Pitching for Brevard County Manatees : RHP Leon Madrid
Pitching: LHP Mike Williams
Batting: RHB Daniel Melendrez 0-0: Ball
1-0: Swinging Strike
1-1: Ball
2-1: Fly out, F4 (Popup, 4S, EV 68.8 MPH)
Batting: RHB Jeff Rock 0-0: SINGLE (Groundball, 4MD, EV 109.4 MPH)
Batting: LHB Ivan Santana 0-0: Ball
1-0: Called Strike
1-1: Foul Ball, location: 3DF
1-2: SINGLE (Line Drive, 3D, EV 103.1 MPH)
Jeff Rock to second
Batting: RHB Isaiah Qualls 0-0: Called Strike
0-1: Foul Ball, location: 2F
0-2: Strikes out looking
Batting: LHB Joe Carter 0-0: Ball
1-0: Ball
2-0: Foul Ball, location: 5DF
2-1: Called Strike
2-2: Fly out, F8 (Flyball, 8LD, EV 95.6 MPH)
Top of the 8th over - 0 runs, 2 hits, 0 errors, 2 left on base; Charlotte 3 - Brevard County 1
BOTTOM OF THE 8TH
Brevard County Manatees batting - Pitching for Charlotte Stone Crabs : LHP Mike Fife
Pitching: RHP Josh Carr
Batting: LHB Josh Shippee 0-0: Ball
1-0: Foul Ball, location: 2F
1-1: Ball
2-1: Called Strike
2-2: Strikes out swinging
Batting: SHB Kyle Carlson 0-0: Called Strike
0-1: Ball
1-1: Hit by Pitch
Batting: RHB Antonio Contreras 0-0: Foul Ball, location: 2F
0-1: Foul Ball, location: 2F
0-2: Ball
1-2: Foul Ball, location: 3SF
1-2: Foul Ball, location: 3F
1-2: Ball
2-2: Ball
3-2: Base on Balls
Kyle Carlson to second
Pinch Hitting: LHB Matt Gollnick 0-0: Ball
1-0: Foul Ball, location: 3F
1-1: Swinging Strike
1-2: Ball
2-2: Fly out, F8 (Flyball, 8LD, EV 95.6 MPH)
Pinch Hitting: RHB Juan Vicente 0-0: Foul Ball, location: 9LSF
0-1: Ball
1-1: Called Strike
1-2: Ball
2-2: Ball
3-2: Foul Ball, location: 25F
3-2: Foul Ball, location: 9LMF
3-2: Foul Ball, location: 9LMF
3-2: Strikes out swinging
Bottom of the 8th over - 0 runs, 0 hits, 0 errors, 2 left on base; Charlotte 3 - Brevard County 1
TOP OF THE 9TH
Charlotte Stone Crabs batting - Pitching for Brevard County Manatees : LHP Mike Williams
Now in CF: Dario Nieves
Now in RF: Matt Gollnick
Batting: RHB Jose Cobian 0-0: Ball
1-0: Fly out, F6 (Line Drive, 6M, EV 66.3 MPH)
Batting: RHB Andy Pyszka 0-0: Called Strike
0-1: Ball
1-1: Ball
2-1: Foul Ball, location: 2RF
2-2: Ground out 6-3 (Groundball, 6M, EV 87.5 MPH)
Batting: RHB R.J. Kimmel 0-0: Foul Ball, location: 25FF
0-1: Foul Ball, location: 7LDF
0-2: Ball
1-2: Ball
2-2: Ball
3-2: Strikes out swinging
Top of the 9th over - 0 runs, 0 hits, 0 errors, 0 left on base; Charlotte 3 - Brevard County 1
BOTTOM OF THE 9TH
Brevard County Manatees batting - Pitching for Charlotte Stone Crabs : RHP Josh Carr
Batting: RHB Sean Howlett 0-0: Called Strike
0-1: Ball
1-1: Ball
2-1: Foul Ball, location: 2F
2-2: Strikes out swinging
Batting: RHB Kevin Cannon 0-0: Ball
1-0: Ball
2-0: Ball
3-0: Called Strike
3-1: Ground out 6-3 (Groundball, 4M, EV 110.6 MPH)
Pinch Hitting: LHB James Fortson 0-0: Ball
1-0: Foul Ball, location: 3FF
1-1: Called Strike
1-2: Foul Ball, location: 7LSF
1-2: Foul Ball, location: 9LSF
1-2: Strikes out swinging
Bottom of the 9th over - 0 runs, 0 hits, 0 errors, 0 left on base; Charlotte 3 - Brevard County 1
Tuesday, May 14th , 2024 - OOTP Baseball 24.11 Build 85